 Dungeon Crawl Stone Soup version 0.22.1-1-ga44c0e5 (webtiles) character file.

7911 Anon1729 the Cleaver (level 11, -2/100 HPs)
             Began as a Naga Gladiator on Sept 28, 2018.
             Was a Believer of Uskayaw.
             Slain by Josephine
             ... wielding a +0 morningstar
              (14 damage)
             ... on level 11 of the Dungeon.
             The game lasted 00:23:23 (11666 turns).

Anon1729 the Cleaver (Naga Gladiator)              Turns: 11666, Time: 00:23:24

Health: -2/100     AC: 14    Str: 16    XL:     11   Next: 22%
Magic:  15/17      EV:  3    Int: 10    God:    Uskayaw [**....]
Gold:   529        SH:  0    Dex: 15    Spells: 10/10 levels left

rFire    . . .     SeeInvis +   A - +2 hand axe (elec)
rCold    . . .     Gourm    .   (no shield)
rNeg     . . .     Faith    .   S - +2 plate armour of Lucidity {+Inv rPois Stlth+}
rPois    +         Spirit   .   c - +0 helmet
rElec    .         Reflect  .   (no cloak)
rCorr    .         Harm     .   g - +0 pair of gloves
MR       +....                  (no barding)
Stlth    ..........             (no amulet)
HPRegen  0.26/turn              (no ring)
MPRegen  0.15/turn              (no ring)

@: heavily drained, very slow
A: large, see invisible, deformed body, poison resistance, slowness 2, slow
metabolism 1, spit poison 1, AC +3
a: Spit Poison, Stomp, Line Pass, Renounce Religion, Evoke Invisibility


You were on level 11 of the Dungeon.
You worshipped Uskayaw.
Uskayaw was aware of your devotion.
You were not hungry.

You visited 2 branches of the dungeon, and saw 12 of its levels.
You also visited: Ossuary.

You collected 529 gold pieces.

Inventory:

Hand Weapons
 a - a +2 dagger of distortion
 p - a +3 hand axe of flaming
 A - a +2 hand axe of electrocution (weapon)
 M - a +2 hand axe of draining
 P - the +11 falchion of Glory {slice, rPois Str+5}
   (You took it off an orc priest on level 9 of the Dungeon)

   It inflicts extra damage upon your enemies.
   It affects your strength (+5).
   It protects you from poison.
 Q - a +1 hand axe of holy wrath
Missiles
 d - 4 throwing nets (quivered)
 h - 20 tomahawks
 L - 10 javelins
Armour
 b - a +0 leather armour
 c - a +0 helmet (worn)
 g - a +0 pair of gloves (worn)
 O - a +0 ring mail of fire resistance
 S - the +2 plate armour of Lucidity (worn) {+Inv rPois Stlth+}
   (You found it on level 9 of the Dungeon)

   It protects you from poison.
   It lets you turn invisible.
   It makes you more stealthy.
Wands
 v - a wand of random effects (24)
 K - a wand of paralysis (27)
 N - a wand of iceblast (10)
 U - a wand of polymorph (11)
 V - a wand of flame (10)
Scrolls
 e - 12 scrolls of identify
 i - 3 scrolls of magic mapping {unknown}
 k - 2 scrolls of noise {unknown}
 l - 2 scrolls of blinking {unknown}
 o - 7 scrolls of teleportation
 q - a scroll of remove curse
 s - a scroll of enchant armour {unknown}
 t - a scroll of fear {unknown}
 w - a scroll of random uselessness {unknown}
 y - a scroll of amnesia {unknown}
 B - a scroll of holy word {unknown}
 E - 6 scrolls of enchant weapon {unknown}
 G - a scroll of fog {unknown}
 R - a scroll of torment {unknown}
 T - a scroll of immolation {unknown}
Potions
 j - 6 potions of agility {unknown}
 m - a potion of magic {unknown}
 n - a potion of invisibility {unknown}
 r - 2 potions of heal wounds
 u - 3 potions of haste
 x - 2 potions of resistance {unknown}
 z - 4 potions of curing {unknown}
 C - a potion of cancellation {unknown}
 D - 3 potions of ambrosia {unknown}
 F - 3 potions of lignification {unknown}
 H - 3 potions of brilliance {unknown}
 I - a potion of might {unknown}
 J - 4 potions of mutation {unknown}
Comestibles
 f - 18 rations
 W - 9 chunks of flesh


   Skills:
 + Level 7.0(4.8) Fighting
 * Level 10.4(8.0) Axes
 - Level 2.0(0.1) Throwing
 + Level 5.8(3.6) Armour
 - Level 4.0(1.9) Dodging
 - Level 4.2(2.2) Stealth
 * Level 9.2(6.9) Invocations


You had 10 spell levels left.
You didn't know any spells.
Your spell library contained the following spells:

 Spells                   Type           Power        Failure   Level  Hunger
 Animate Skeleton         Necr           N/A          100%        1    ##.....
 Confusing Touch          Hex            #.....       100%        1    ##.....
 Pain                     Necr           #...         100%        1    ##.....
 Confuse                  Hex            #.......     100%        3    ####...
 Gell's Gravitas          Tloc           #.........   100%        3    ####...
 Regeneration             Chrm/Necr      #.........   100%        3    ####...
 Vampiric Draining        Necr           #.........   100%        3    ####...
 Animate Dead             Necr           N/A          100%        4    #####..
 Petrify                  Tmut/Erth      #.......     100%        4    #####..
 Metabolic Englaciation   Hex/Ice        #.........   100%        5    ######.
 Yara's Violent Unravell  Hex/Tmut       #.........   100%        5    ######.


Dungeon Overview and Level Annotations

Branches:
Dungeon (11/15)            Temple (1/1) D:4
   Lair: D:8-11         Orc: D:9-12

Altars:
Ashenzari
Cheibriados
Dithmenos
Elyvilon
Fedhas
Gozag
Hepliaklqana
Kikubaaqudgha
Makhleb
Nemelex Xobeh
Okawaru
Qazlal
Ru
Sif Muna
Trog
Uskayaw
Vehumet
Wu Jian
Xom
Yredelemnul
Zin
The Shining One

Annotations:
D:2 1 runed door
D:6 3 runed doors, MalarOregon's ghost, novice MiGl
D:11 Josephine


Innate Abilities, Weirdness & Mutations

You cannot wear boots.
Your serpentine skin is tough. (AC +3)
You have supernaturally acute eyesight. (SInv)
Armour fits poorly on your strangely shaped body.
Your system is resistant to poisons. (rPois)
You cover ground very slowly.
You have a slow metabolism.
You can spit poison.


Message History

Aiming: Iceblast
Press: ? - help, Shift-Dir - straight line The mass of ice explodes!
The iceblast engulfs Josephine.
Josephine is almost dead.
Josephine is infused with unholy energy.
* * * LOW HITPOINT WARNING * * *
Josephine draws life force from you and is healed!
Unknown command.
Unknown command.
Press: ? - help, v - describe, . - travel
Here: Josephine, wielding a morningstar and wearing a robe (almost dead)
The floor.
Unknown command.
Evoke which item? (* to show all) (? for menu, Esc to quit)
Aiming: Iceblast
Press: ? - help, Shift-Dir - straight line The mass of ice explodes!
The iceblast engulfs Josephine.
Josephine is almost dead.
Josephine hits you with a morningstar!
You die...

## #. #.
#.#####
#####.....
#........
#.......#
#.....@@#
#.......#
#.......#
#........
#.........
#....P.PP..
#.......P.P.
###..P.......
....P.P...PP


You could see Josephine.

Vanquished Creatures
  A two-headed ogre (D:8)
  Sonja (D:10)
  A centaur zombie (D:10)
  A komodo dragon (D:10)
  A gargoyle (D:10)
  4 hippogriffs
  3 wraiths
  Sigmund (D:3)
  Duvessa (D:4)
  A water moccasin (D:9)
  A porcupine (D:11)
  A sky beast (D:10)
  A black bear (D:11)
  An ice beast (D:7)
  2 orc warriors
  A phantom (D:5)
  3 ogres
  3 centaurs
  2 crocodiles
  3 big kobolds
  4 bullfrogs
  Dowan (D:4)
  A wyvern skeleton (D:10)
  A scorpion (D:4)
  5 wights
  4 killer bees (D:8)
  2 jellies
  7 howler monkeys
  7 crimson imps
  A quasit (D:9)
  2 hounds (D:8)
  2 bullfrog skeletons
  6 orc priests
  16 orc wizards
  An iron imp (D:7)
  Terence (D:3)
  2 iguanas
  9 worker ants
  4 mummies
  A howler monkey skeleton (D:4)
  3 gnolls (D:7)
  5 adders
  2 shadow imps
  2 oozes
  An adder skeleton (D:5)
  3 adder zombies (Ossuary)
  2 worms (D:2)
  2 dart slugs
  3 leopard geckos
  34 orcs
  4 bats
  8 giant cockroaches
  2 gnoll zombies (Ossuary)
  10 goblins
  8 hobgoblins
  19 jackals
  2 quokkas
  5 ball pythons
  A ball python zombie (D:5)
  5 frilled lizards
  2 goblin zombies (Ossuary)
  11 hobgoblin zombies
  10 kobolds
  A kobold skeleton (D:7)
  3 kobold zombies
  A leopard gecko zombie (D:8)
  2 orc skeletons (D:7)
  A quokka skeleton (D:7)
  4 quokka zombies
  11 rats
  3 rat zombies (Ossuary)
280 creatures vanquished.

Vanquished Creatures (others)
  4 fungi (D:6)
4 creatures vanquished.

Grand Total: 284 creatures vanquished

Notes
Turn   | Place    | Note
-------+----------+-------------------------------------------
     0 | D:1      | Anon1729 the Naga Gladiator began the quest for the Orb.
     0 | D:1      | Reached XP level 1. HP: 19/19 MP: 1/1
   292 | D:1      | Reached XP level 2. HP: 22/26 MP: 2/2
   955 | D:1      | Reached skill level 1 in Stealth
  1036 | D:2      | Reached XP level 3. HP: 32/32 MP: 3/3
  1250 | D:2      | Reached skill level 1 in Armour
  1299 | D:2      | Found a runed door.
  1325 | D:2      | Reached XP level 4. HP: 39/40 MP: 4/4
  1517 | D:2      | Found a basalt altar of Yredelemnul.
  1729 | D:3      | Reached skill level 4 in Axes
  1737 | D:3      | Reached XP level 5. HP: 5/46 MP: 5/5
  2442 | D:3      | Noticed Terence
  2468 | D:3      | Killed Terence
  2770 | D:3      | Noticed Sigmund
  2924 | D:3      | Killed Sigmund
  2924 | D:3      | Reached XP level 6. HP: 33/56 MP: 6/6
  3326 | D:4      | Found a sand-covered staircase.
  3328 | D:4      | Reached skill level 5 in Axes
  3404 | Ossuary  | Entered an ossuary
  3690 | D:4      | Reached XP level 7. HP: 54/62 MP: 7/7
  3704 | D:4      | Noticed Duvessa
  3705 | D:4      | Noticed Dowan
  4037 | D:4      | Reached skill level 6 in Axes
  4205 | D:4      | Found a staircase to the Ecumenical Temple.
  4233 | Temple   | Entered the Ecumenical Temple
  4340 | Temple   | Became a worshipper of Uskayaw the Reveler
  4465 | D:4      | Reached * piety under Uskayaw
  4821 | D:4      | Reached ** piety under Uskayaw
  4822 | D:4      | Killed Duvessa
  4822 | D:4      | Reached skill level 1 in Invocations
  4822 | D:4      | Reached XP level 8. HP: 56/72 MP: 8/8
  4838 | D:4      | Killed Dowan
  5105 | D:5      | Entered Level 5 of the Dungeon
  5156 | D:5      | Reached *** piety under Uskayaw
  5273 | D:5      | Found an ornate altar of the Wu Jian Council.
  5671 | D:6      | Found a runed gate.
  5671 | D:6      | Found a runed gate.
  5671 | D:6      | Found a runed gate.
  6153 | D:6      | Reached skill level 7 in Axes
  6361 | D:6      | Reached XP level 9. HP: 76/79 MP: 10/12
  6580 | D:6      | Noticed a kobold demonologist
  6580 | D:6      | Noticed MalarOregon's ghost (novice MiGl)
  6866 | D:7      | Reached **** piety under Uskayaw
  7017 | D:7      | Found a glowing golden altar of the Shining One.
  7057 | D:7      | You fall through a shaft!
  7177 | D:8      | Reached skill level 5 in Fighting
  7177 | D:8      | Reached skill level 5 in Invocations
  7428 | D:8      | Reached skill level 8 in Axes
  7562 | D:7      | Reached ***** piety under Uskayaw
  7979 | D:8      | Noticed a two-headed ogre
  7988 | D:8      | Killed a two-headed ogre
  7988 | D:8      | Reached skill level 9 in Axes
  7988 | D:8      | Reached XP level 10. HP: 43/91 MP: 6/15
  8646 | D:9      | Got a bronze plate armour
  8657 | D:9      | Identified the +2 plate armour of Lucidity {+Inv rPois
                  | Stlth+} (You found it on level 9 of the Dungeon)
  8787 | D:9      | Reached skill level 5 in Armour
  9501 | D:9      | Got a smoking falchion {slice}
  9502 | D:9      | Identified the +11 falchion of Glory {slice, rPois Str+5}
                  | (You took it off an orc priest on level 9 of the Dungeon)
  9846 | D:10     | Entered Level 10 of the Dungeon
  9846 | D:10     | Noticed Sonja
  9889 | D:10     | Noticed Josephine
 10175 | D:10     | Killed Sonja
 10181 | D:10     | Reached skill level 10 in Axes
 10258 | D:10     | Noticed a gargoyle
 10500 | D:10     | Killed a gargoyle
 10500 | D:10     | Reached XP level 11. HP: 65/99 MP: 17/17
 11536 | D:10     | Found a white marble altar of Elyvilon.
 11666 | D:11     | Slain by Josephine

Skill      XL: |  1  2  3  4  5  6  7  8  9 10 11 |
---------------+----------------------------------+-----
Stealth        | 1 2 3 4 |  4.2
Armour         | 1 2 3 4 5 |  5.8
Axes           | 4 5 6 7 9 10 | 10.4
Dodging        | 3 4 |  4.0
Fighting       | 3 4 5 6 7 |  7.0
Throwing       | 2 |  2.0
Invocations    | 1 4 6 8 9 |  9.2

Action                   |  1- 3 |  4- 6 |  7- 9 | 10-12 || total
-------------------------+-------+-------+-------+-------++-------
Melee: War axe           |    84 |    54 |       |       ||   138
       Hand axe          |       |   110 |   296 |   187 ||   593
       Falchion          |       |       |       |    77 ||    77
Invok: Line Pass         |       |       |     2 |     2 ||     4
       Stomp             |       |       |     2 |     7 ||     9
 Abil: Spit Poison       |       |     8 |     7 |     6 ||    21
Evoke: Wand              |       |       |     2 |    10 ||    12
  Use: Scroll            |       |       |       |     4 ||     4
 Stab: Sleeping          |     4 |     5 |     9 |       ||    18
       Paralysed         |       |       |    15 |     8 ||    23
  Eat: Chunk             |     1 |     6 |    12 |     9 ||    28
       Ration            |       |       |       |     1 ||     1
Armor: Leather armour    |    36 |    66 |    87 |     4 ||   193
       Plate armour      |       |       |       |   147 ||   147
       Ring mail         |       |       |       |    21 ||    21
Dodge: Dodged            |    68 |   106 |   150 |    89 ||   413
       Rpst.: Falchion   |       |       |       |    13 ||    13
